 Dungeon Sprint DCSS version 0.25-a0-796-gd415a3ffb0 (webtiles) character file.

Game seed: 14635587912633964999, levelgen mode: deterministic

1741 jt the Thaumaturge (level 9, -1/75 HPs)
             Began as a Gnoll Skald on Apr 18, 2020.
             Was a Believer of Cheibriados.
             Slain by a centaur warrior (4 damage)
             ... in the Dungeon (Sprint I: "Red Sonja").
             The game lasted 00:07:30 (1372 turns).

jt the Thaumaturge (Gnoll Skald)                    Turns: 1372, Time: 00:07:30

Health: -1/75      AC:  7    Str: 19    XL:     9   Next: 5%
Magic:  20/21      EV: 18    Int: 23    God:    Cheibriados [**....]
Gold:   297        SH:  6    Dex: 20    Spells: 14/25 levels left

rFire    . . .     SeeInvis .   a - +1 falchion
rCold    . . .     Gourm    .   l - +0 buckler
rNeg     . . .     Faith    .   c - +2 leather armour {rPois}
rPois    +         Spirit   .   p - +2 helmet {Int+3}
rElec    .         Reflect  .   (no cloak)
rCorr    .         Harm     .   (no gloves)
MR       .....     NoTele   +   (no boots)
Stlth    ++++......             (no amulet)
HPRegen  0.22/turn              (no ring)
MPRegen  0.17/turn              (no ring)

@: very slow
A: distributed training, fangs 1, deformed body, strong nose
a: Bend Time, Renounce Religion


You were in the Dungeon.
You worshipped Cheibriados.
Cheibriados was pleased with you.
You were not hungry.

You visited 1 branch You collected 831 gold pieces.
You spent 534 gold pieces at shops.

Inventory:

Hand Weapons
 a - a +1 falchion (weapon)
 f - a +0 scythe
 q - a +1 dagger of venom
Missiles
 d - 57 stones
 k - 4 curare-tipped darts (quivered)
 o - 11 poisoned darts
Armour
 b - a +0 leather armour
 c - a +2 leather armour of poison resistance (worn)
 l - a +0 buckler (worn)
 p - a +2 helmet of intelligence (worn)
Scrolls
 j - 2 scrolls of blinking
 m - a scroll of identify {unknown}
 n - a scroll of remove curse {unknown}
Potions
 g - a potion of haste
 h - 2 potions of magic
Comestibles
 i - 2 rations


   Skills:
 + Level 8.5 Fighting
 + Level 7.0 Short Blades
 + Level 8.5 Long Blades
 + Level 7.0 Axes
 + Level 7.0 Maces & Flails
 + Level 7.0 Polearms
 + Level 7.0 Staves
 + Level 7.0 Slings
 + Level 7.0 Bows
 + Level 7.0 Crossbows
 + Level 7.0 Throwing
 + Level 7.5 Armour
 + Level 8.5 Dodging
 + Level 7.0 Stealth
 + Level 7.0 Shields
 + Level 7.0 Unarmed Combat
 + Level 8.7 Spellcasting
 + Level 5.8 Conjurations
 + Level 5.8 Hexes
 + Level 8.1 Charms
 + Level 5.8 Summonings
 + Level 5.8 Necromancy
 + Level 5.8 Translocations
 + Level 5.8 Transmutations
 + Level 5.8 Fire Magic
 + Level 5.8 Ice Magic
 + Level 5.8 Air Magic
 + Level 5.8 Earth Magic
 + Level 5.8 Poison Magic
 + Level 7.7 Invocations
 + Level 7.0 Evocations


You had 14 spell levels left.
You knew the following spells:

 Your Spells              Type           Power        Failure   Level  Hunger
a - Infusion              Chrm           ####         1%          1    None
b - Song of Slaying       Chrm           #####...     1%          2    None
c - Shroud of Golubria    Chrm/Tloc      #####.       1%          2    None
d - Spectral Weapon       Hex/Chrm       #####...     1%          3    None
e - Ozocubu's Armour      Chrm/Ice       #####...     1%          3    None

Your spell library contained the following spells:

 Spells                   Type           Power        Failure   Level  Hunger


Dungeon Overview and Level Annotations

Branches:
Dungeon (1/1)

Altars:
Cheibriados
Dithmenos
Elyvilon
Fedhas
Gozag
Hepliaklqana
Kikubaaqudgha
Makhleb
Nemelex Xobeh
Okawaru
Qazlal
Ru
Sif Muna
Trog
Uskayaw
Vehumet
Wu Jian
Xom
Yredelemnul
Zin
The Shining One
Jiyva
Lugonu

Shops:
D [?[

Annotations:
D Sonja


Innate Abilities, Weirdness & Mutations

Your experience applies equally to all skills.
You have very sharp teeth.
Your uncanny sense of smell can sniff out nearby items.
Armour fits poorly on your strangely shaped body.


Message History

The centaur warrior barely misses you.
You riposte.
You hit the centaur warrior.
The centaur warrior is heavily wounded.
You block the centaur warrior's attack.
Press: ? - help, v - describe, . - travel, g - get item
Here: a centaur warrior, quivering 6 arrows (purple smoke, heavily wounded, slow, very poisoned)
A curare-tipped dart.
There is something else lying underneath.
An open door, spattered with blood.
Press: ? - help, v - describe, . - travel, g - get item
Here: a centaur warrior, quivering 6 arrows (purple smoke, heavily wounded, slow, very poisoned)
A curare-tipped dart.
There is something else lying underneath.
An open door, spattered with blood.
You hit the centaur warrior.
The centaur warrior is severely wounded.
The centaur warrior hits you.
* * * LOW HITPOINT WARNING * * *
The centaur warrior hits you.
You die...

##########################
#<.#..)..#..'..#__#..'...#∆∆
∆ #..'..#..'..#[.'^.'..#.).#
∆ #..#####'#####'#__####[..+
∆ #..####..#...#.####§∆#####
∆ #..#__####..##@#§§§§§#∆∆
#..#_____##'#§cc§≈≈..+
#⌠⌠#_.∩...'..§§#§§≈..#∆∆
####_..__##§§#'##+####
∆∆#_____###'#(#....### ∆
############.####'###.## ∆
#∩........'...'.....'.∩#
###++++####...########## ∆
###.### ∆


You could see 2 centaur warriors.

Vanquished Creatures
  A deep troll (D)
  2 kobold demonologists (D)
  A slime creature (D)
  Sigmund (D)
  A yak (D)
  A floating eye (D)
  An ogre (D)
  A jelly (D)
  Ijyb (D)
10 creatures vanquished.

Vanquished Creatures (others)
  A gargoyle (D)
  2 ballistomycete spores (D)
  2 spectral weapons (D)
5 creatures vanquished.

Grand Total: 15 creatures vanquished

Notes
Turn   | Place    | Note
-------+----------+-------------------------------------------
     0 | D        | jt the Gnoll Skald began the quest for the Orb.
     0 | D        | Reached XP level 1. HP: 20/20 MP: 6/6
     2 | D        | Noticed Ijyb
    44 | D        | Killed Ijyb
    44 | D        | Reached skill level 1 in Short Blades
    44 | D        | Reached skill level 1 in Axes
    44 | D        | Reached skill level 1 in Maces & Flails
    44 | D        | Reached skill level 1 in Polearms
    44 | D        | Reached skill level 1 in Staves
    44 | D        | Reached skill level 1 in Slings
    44 | D        | Reached skill level 1 in Bows
    44 | D        | Reached skill level 1 in Crossbows
    44 | D        | Reached skill level 1 in Throwing
    44 | D        | Reached skill level 1 in Stealth
    44 | D        | Reached skill level 1 in Shields
    44 | D        | Reached skill level 1 in Unarmed Combat
    44 | D        | Reached skill level 5 in Spellcasting
    44 | D        | Reached skill level 1 in Conjurations
    44 | D        | Reached skill level 1 in Hexes
    44 | D        | Reached skill level 1 in Summonings
    44 | D        | Reached skill level 1 in Necromancy
    44 | D        | Reached skill level 1 in Translocations
    44 | D        | Reached skill level 1 in Transmutations
    44 | D        | Reached skill level 1 in Fire Magic
    44 | D        | Reached skill level 1 in Ice Magic
    44 | D        | Reached skill level 1 in Air Magic
    44 | D        | Reached skill level 1 in Earth Magic
    44 | D        | Reached skill level 1 in Poison Magic
    44 | D        | Reached skill level 1 in Evocations
    44 | D        | Reached XP level 2. HP: 15/26 MP: 8/8
    44 | D        | Reached XP level 3. HP: 18/32 MP: 9/9
   175 | D        | Noticed an ogre
   180 | D        | Killed an ogre
   180 | D        | Reached skill level 5 in Fighting
   180 | D        | Reached skill level 5 in Long Blades
   180 | D        | Reached skill level 5 in Dodging
   180 | D        | Reached XP level 4. HP: 39/39 MP: 9/11
   187 | D        | Learned a level 2 spell: Song of Slaying
   190 | D        | Learned a level 2 spell: Shroud of Golubria
   194 | D        | Learned a level 3 spell: Ozocubu's Armour
   262 | D        | Learned a level 3 spell: Spectral Weapon
   264 | D        | Noticed Sigmund
   273 | D        | Killed Sigmund
   273 | D        | Reached skill level 5 in Armour
   273 | D        | Reached XP level 5. HP: 41/46 MP: 8/14
   273 | D        | Reached XP level 6. HP: 46/52 MP: 8/15
   323 | D        | Found an ornate altar of the Wu Jian Council.
   323 | D        | Found a shimmering blue altar of Sif Muna.
   325 | D        | Found a radiant altar of Vehumet.
   359 | D        | Found Emem's Magic Scroll Emporium.
   359 | D        | Found an ancient bone altar of Kikubaaqudgha.
   359 | D        | Found a hazy altar of Hepliaklqana.
   359 | D        | Found a stormy altar of Qazlal.
   359 | D        | Found a hide-covered altar of Uskayaw.
   359 | D        | Found a blossoming altar of Fedhas.
   359 | D        | Found a bloodstained altar of Trog.
   359 | D        | Found an iron altar of Okawaru.
   359 | D        | Found a basalt altar of Yredelemnul.
   359 | D        | Found a glowing golden altar of the Shining One.
   359 | D        | Found a snail-covered altar of Cheibriados.
   359 | D        | Found a sacrificial altar of Ru.
   359 | D        | Found a glowing silver altar of Zin.
   359 | D        | Found a shadowy altar of Dithmenos.
   359 | D        | Found a white marble altar of Elyvilon.
   359 | D        | Noticed a yak
   365 | D        | Killed a yak
   365 | D        | Reached skill level 5 in Short Blades
   365 | D        | Reached skill level 5 in Axes
   365 | D        | Reached skill level 5 in Maces & Flails
   365 | D        | Reached skill level 5 in Polearms
   365 | D        | Reached skill level 5 in Staves
   365 | D        | Reached skill level 5 in Slings
   365 | D        | Reached skill level 5 in Bows
   365 | D        | Reached skill level 5 in Crossbows
   365 | D        | Reached skill level 5 in Throwing
   365 | D        | Reached skill level 5 in Stealth
   365 | D        | Reached skill level 5 in Shields
   365 | D        | Reached skill level 5 in Unarmed Combat
   365 | D        | Reached skill level 5 in Invocations
   365 | D        | Reached skill level 5 in Evocations
   365 | D        | Reached XP level 7. HP: 59/59 MP: 11/17
   366 | D        | Found an opulent altar of Gozag.
   367 | D        | Found a sparkling altar of Nemelex Xobeh.
   371 | D        | Bought a scroll of blinking for 105 gold pieces
   371 | D        | Bought a scroll of enchant weapon for 105 gold pieces
   374 | D        | Became a worshipper of Cheibriados the Contemplative
   403 | D        | Found a burning altar of Makhleb.
   403 | D        | Found a viscous altar of Jiyva.
   403 | D        | Found a shimmering altar of Xom.
   403 | D        | Found a corrupted altar of Lugonu.
   403 | D        | Noticed a slime creature
   412 | D        | Killed a slime creature
   595 | D        | Noticed Sonja
   965 | D        | Killed a gargoyle
  1063 | D        | Found Vulopiw's Armour Boutique.
  1071 | D        | Bought a +0 buckler for 45 gold pieces
  1092 | D        | Noticed a deep troll
  1108 | D        | Killed a deep troll
  1108 | D        | Reached skill level 5 in Conjurations
  1108 | D        | Reached skill level 5 in Hexes
  1108 | D        | Reached skill level 5 in Summonings
  1108 | D        | Reached skill level 5 in Necromancy
  1108 | D        | Reached skill level 5 in Translocations
  1108 | D        | Reached skill level 5 in Transmutations
  1108 | D        | Reached skill level 5 in Fire Magic
  1108 | D        | Reached skill level 5 in Ice Magic
  1108 | D        | Reached skill level 5 in Air Magic
  1108 | D        | Reached skill level 5 in Earth Magic
  1108 | D        | Reached skill level 5 in Poison Magic
  1108 | D        | Reached XP level 8. HP: 22/68 MP: 7/20
  1119 | D        | Found Mauptymnu's Armour Emporium.
  1202 | D        | Bought a +2 helmet of intelligence for 279 gold pieces
  1307 | D        | Noticed a kobold demonologist
  1308 | D        | Noticed a kobold demonologist
  1312 | D        | Reached * piety under Cheibriados
  1321 | D        | Killed a kobold demonologist
  1321 | D        | Gained mutation: Armour fits poorly on your strangely
                  | shaped body. [a neqoxec]
  1324 | D        | Noticed a rust devil
  1329 | D        | Killed a kobold demonologist
  1329 | D        | Reached ** piety under Cheibriados
  1329 | D        | Reached XP level 9. HP: 38/75 MP: 18/21
  1352 | D        | Noticed a centaur warrior
  1352 | D        | Noticed a centaur warrior
  1362 | D        | HP: 1/75 [centaur warrior/+0 longbow (6)]
  1372 | D        | HP: 3/75 [centaur warrior (3)]
  1372 | D        | Slain by a centaur warrior

Levels and vault maps discovered:
D:        dungeon_sprint_1 [red_sonja_temple_1, red_sonja_temple_small_1]

Skill      XL: |  1  2  3  4  5  6  7  8 |
---------------+-------------------------+-----
Short Blades   | 1 3 4 5 6 7 |  7.0
Axes           | 1 3 4 5 6 7 |  7.0
Maces & Flails | 1 3 4 5 6 7 |  7.0
Polearms       | 1 3 4 5 6 7 |  7.0
Staves         | 1 3 4 5 6 7 |  7.0
Slings         | 1 3 4 5 6 7 |  7.0
Bows           | 1 3 4 5 6 7 |  7.0
Crossbows      | 1 3 4 5 6 7 |  7.0
Throwing       | 1 3 4 5 6 7 |  7.0
Armour         | 3 4 5 6 7 |  7.5
Stealth        | 1 3 4 5 6 7 |  7.0
Shields        | 1 3 4 5 6 7 |  7.0
Unarmed Combat | 1 3 4 5 6 7 |  7.0
Spellcasting   | 5 6 7 8 |  8.7
Conjurations   | 1 2 3 4 5 |  5.8
Hexes          | 1 2 3 4 5 |  5.8
Summonings     | 1 2 3 4 5 |  5.8
Necromancy     | 1 2 3 4 5 |  5.8
Translocations | 1 2 3 4 5 |  5.8
Transmutations | 1 2 3 4 5 |  5.8
Fire Magic     | 1 2 3 4 5 |  5.8
Ice Magic      | 1 2 3 4 5 |  5.8
Air Magic      | 1 2 3 4 5 |  5.8
Earth Magic    | 1 2 3 4 5 |  5.8
Poison Magic   | 1 2 3 4 5 |  5.8
Invocations    | 2 3 4 5 6 7 |  7.7
Evocations     | 1 3 4 5 6 7 |  7.0
Fighting       | 5 6 7 8 |  8.5
Long Blades    | 5 6 7 8 |  8.5
Dodging        | 5 6 7 8 |  8.5
Charms         | 6 7 8 |  8.1

Action                   |  1- 3 |  4- 6 |  7- 9 || total
-------------------------+-------+-------+-------++-------
Melee: Falchion          |    44 |    14 |    61 ||   119
       Bite              |     7 |       |     8 ||    15
       Punch             |       |     1 |       ||     1
Throw: Dart              |       |       |     6 ||     6
 Cast: Spectral Weapon   |       |     3 |     8 ||    11
       Shroud of Golubri |       |     3 |     5 ||     8
       Ozocubu's Armour  |       |     1 |     2 ||     3
  Use: Potion            |     2 |       |     4 ||     6
       Scroll            |       |       |     2 ||     2
 Stab: Sleeping          |     1 |       |     3 ||     4
       Distracted        |       |       |     1 ||     1
  Eat: Ration            |       |       |     1 ||     1
Armor: Leather armour    |     5 |       |    24 ||    29
Dodge: Dodged            |    25 |     7 |    81 ||   113
Block: Buckler           |       |       |    15 ||    15
       Rpst.: Falchion   |     5 |     3 |    17 ||    25

Table legend:
 A = Non-vault XP
 B = Vault XP
 C = Vault XP percentage of total XP
 D = Non-vault monster count
 E = Vault monster count
 F = Vault count percentage of total count
                 A         B        C        D         E       F
            +---------+---------+-------+---------+---------+-------
      Total |       0 |    2488 | 100.0 |       0 |      10 | 100.0
            +---------+---------+-------+---------+---------+-------
          D |       0 |    2488 | 100.0 |       0 |      10 | 100.0
            +---------+---------+-------+---------+---------+-------
